 Dungeon Crawl Stone Soup version 0.31.0-11-ge490571c62 (webtiles) character file.

Game seed: 2012992032698878464

9 browni3141 the Conjurer (level 2, 19/19 HPs)
             Began as a Demonspawn Conjurer on Jan 30, 2024.
             Got out of the dungeon alive.
             The game lasted 00:00:17 (457 turns).

browni3141 the Conjurer (Demonspawn Conjurer)        Turns: 457, Time: 00:00:17

Health: 19/19      AC:  3    Str:  7    XL:     2   Next: 3%
Magic:  5/5        EV: 12    Int: 18    God:
Gold:   25         SH:  0    Dex: 11    Spells: 4/5 levels left

rFire   . . .        (no weapon)
rCold   . . .        (no shield)
rNeg    . . .        a - +0 robe
rPois   .            (no helmet)
rElec   .            (no cloak)
rCorr   .            f - +0 pair of gloves
SInv    .            (no boots)
Will    .....        (no amulet)
Stlth   ++           (no ring)
HPRegen 0.23/turn    (no ring)
MPRegen 0.09/turn

%: no passive effects
@: no status effects
A: foul stench 1
a: no special abilities


You escaped.
You visited 1 branch of the dungeon, and saw 1 of its levels.

You collected 25 gold pieces.

Inventory:

Missiles
 e - 4 boomerangs
Armour
 a - a +0 robe (worn)
 f - a +0 pair of gloves (worn)
Scrolls
 d - a scroll of noise {unknown}
Potions
 b - a potion of magic
 c - 2 potions of degeneration {unknown}


   Skills:
 + Level 2.0 Dodging
 + Level 2.0 Stealth
 + Level 2.1 Spellcasting
 + Level 4.1 Conjurations


You had 4 spell levels left.
You knew the following spells:

 Your Spells              Type           Power      Damage    Failure   Level
a - Magic Dart            Conj           64%        1d6       3%          1

Your spell library contained the following spells:

 Spells                   Type           Power      Damage    Failure   Level
 Searing Ray              Conj           32%        2d5       4%          2
 Fulminant Prism          Conj/Alch      4%         3d5       58%         4
 Iskenderun's Mystic Bla  Conj/Tloc      9%         2d4       58%         4


Dungeon Overview and Level Annotations

Branches:
Dungeon (1/15)

Altars:


Innate Abilities, Weirdness & Mutations

You may rarely emit foul miasma when damaged in melee.


Message History

Welcome, browni3141 the Demonspawn Conjurer.
They say the Orb of Zot lies within this dungeon, but they say a lot of things.
Press ? for a list of commands and other information.
Found a viscous puce potion.
Found a staircase leading out of the dungeon.
Setting a skill training target for Axes at 18.0.
Setting a skill training target for Invocations at 14.0.
Setting a skill training target for Throwing at 11.0.
c - a viscous puce potion You now have 9 gold pieces.
Found an escape hatch in the floor.
d - a scroll labelled YSEAQI WEIRISE
e - 4 boomerangs A rat comes into view.
The rat squeaks loudly.
The magic dart hits the rat.
The rat is heavily wounded.
The rat twitches its whiskers.
The magic dart hits the rat.
You kill the rat!
You can't see any susceptible monsters within range! (Use Z to cast anyway.) Magic restored.
There is an escape hatch in the floor here.
You see here a rat corpse.
A kobold comes into view. It is wielding a +0 short sword.
The kobold shouts!
A kobold is nearby!
A kobold is nearby!
The magic dart hits the kobold.
The kobold is moderately wounded.
The magic dart hits the kobold.
The kobold is heavily wounded.
A goblin comes into view. It is wielding a +0 dagger.
The magic dart hits the kobold.
You kill the kobold!
A goblin is nearby!
A goblin is nearby!
A goblin is nearby!
You are out of magic!
You are out of magic!
You are out of magic!
The magic dart hits the goblin.
You kill the goblin!
You see here a +0 pair of gloves.
A bat and a goblin come into view.
There are monsters nearby!
There are monsters nearby!
The magic dart hits the bat but does no damage.
The magic dart hits the bat.
The bat is severely wounded.
The bat hits you but does no damage. x2
The magic dart hits the bat.
You kill the bat!
The goblin shouts!
You see here a +0 pair of gloves.
You start putting on your armour.
You continue putting on your +0 pair of gloves. x4
You finish putting on your +0 pair of gloves.
You are out of magic!
You are out of magic!
The magic dart hits the goblin.
You kill the goblin!
Things that are here:
a +0 club; a goblin corpse You see here a bat corpse.
You now have 13 gold pieces (gained 4).
You now have 15 gold pieces (gained 2).
You now have 25 gold pieces (gained 10).
A kobold comes into view. It is wielding a +0 dagger.
A kobold is nearby!
The magic dart hits the kobold.
You kill the kobold!
Your Stealth skill increases to level 2!
You can't see any susceptible monsters within range! (Use Z to cast anyway.)
A rat comes into view.
A rat is nearby!
A rat is nearby!
The magic dart hits the rat but does no damage.
The rat squeaks loudly.
The magic dart hits the rat.
The rat is severely wounded.
The magic dart hits the rat.
You kill the rat!
c - 2 viscous puce potions (gained 1)
An endoplasm comes into view.
The endoplasm quivers.
An endoplasm is nearby!
The magic dart hits the endoplasm.
You kill the endoplasm!
Your Dodging skill increases to level 2!
You have reached level 2!
Your demonic ancestry asserts itself...
You begin to emit a foul stench of rot and decay.
There is a staircase leading out of the dungeon here.
You have escaped!

#.##.####### ## #.# #.##.#
.# ## #.# #..#.# .# .# #.#
#..#.# .###. #.# #..#.#
.#... #.# #.##.# ##.#..#
#.# .....#
###..#..########.#
##.#######...###.#...#....#
.........#.#....@....#.#..#
#.####.....#...#.###...####
........########..#..####
#.####..#......#..#.##..#
..####.##.##.#....#....##
#)...#.##..#.##.###.#####
.....#.###.#..#...#.#...#
#.##.#.##..##.###.#...#.#
#....#..#######...#######


There were no monsters in sight!

Vanquished Creatures
  An endoplasm (D:1)
  2 goblins (D:1)
  2 kobolds (D:1)
  A bat (D:1)
  2 rats (D:1)
8 creatures vanquished.

Notes
Turn   | Place    | Note
-------+----------+-------------------------------------------
     0 | D:1      | browni3141 the Demonspawn Conjurer began the quest for the
                  | Orb.
     0 | D:1      | Reached XP level 1. HP: 13/13 MP: 3/3
   417 | D:1      | Gained mutation: You may rarely emit foul miasma when
                  | damaged in melee. [demonic ancestry]
   417 | D:1      | Reached XP level 2. HP: 19/19 MP: 3/5
   457 | D:$      | Got out of the dungeon alive.

Illustrated notes

Levels and vault maps discovered:
D:1:      psy_arrival_radial01, layout_basic

Skill      XL: |  1 |
---------------+----+-----
Stealth        | 2 |  2.0
Dodging        | 2 |  2.0
Spellcasting   | |  2.1
Conjurations   | |  4.1

Action                     || total
---------------------------++-------
   Cast: Magic Dart        ||    15
 Armour: Robe              ||     2
